Celery, chaotic female sylph Rogue ------ ----- |....| |...| ------- ------- |....| |...| ##-..YE.| #......-########.....| |...| # |.---.| ###|.....| --|--- |....### |.| |.| # |.....| #### ----- |.| |..############# |.....| # |.---.| |.....-###############*### |.....| -|----- ------.-- # ------- # |.......|############ ##` |.......|# # ----|- # |.......|# ####-..*.| ### |.......-#######|....| # ---------# #`.....| #################### ------ Celery the Rogue Experience level: 7 Strength: 16 Dexterity: 20 Constitution: 17 Intelligence: 11 Wisdom: 11 Charisma: 10 Health: 0(54) Energy: 35(35) Def: 0 Gold: 203 Moves: 6889 Dungeon seed: XK4mi56qEqO3LkZo Game ID: Celery_1469631388 Your Inventory: Coins $ - 203 gold pieces Amulets a - an uncursed amulet of ESP Weapons c - 11 uncursed +0 daggers (in quiver) B - an uncursed +1 dagger D - 14 uncursed +0 daggers I - an uncursed +0 elven dagger (weapon in hand) N - 6 blessed +0 shuriken Armor U - an uncursed +0 dwarvish cloak (being worn) Comestibles j - an uncursed food ration u - an uncursed slime mold Rings E - an uncursed ring of teleport control O - an uncursed ring of regeneration T - a cursed ring of free action Wands h - an uncursed wand of opening (0:3) K - an uncursed wand of striking (0:6) M - a cursed wand of enlightenment (0:6) Q - an uncursed wand of speed monster (0:2) Z - an uncursed wand of magic missile (0:6) Tools d - an uncursed sack f - an uncursed skeleton key s - a blessed bag of holding w - an uncursed magic whistle P - an uncursed towel Gems e - 3 uncursed worthless pieces of green glass g - an uncursed worthless piece of white glass n - an uncursed worthless piece of red glass p - an uncursed worthless piece of yellow glass q - an uncursed worthless piece of violet glass r - 2 uncursed worthless pieces of yellowish brown glass y - 3 uncursed worthless pieces of orange glass z - an uncursed worthless piece of blue glass A - an uncursed flint stone W - an uncursed garnet stone Y - 2 uncursed jade stones Contents of the bag of holding: 1226 gold pieces an uncursed scroll of confuse monster an uncursed scroll of destroy armor an uncursed scroll of enchant armor a blessed scroll of enchant weapon a blessed scroll of food detection 2 uncursed scrolls of light an uncursed scroll of magic mapping 2 uncursed scrolls of remove curse 3 uncursed scrolls of scare monster an uncursed scroll of taming an uncursed scroll of teleportation a blessed scroll of water an uncursed scroll of water an uncursed spellbook of magic missile a potion of holy water a cursed potion of paralysis an uncursed potion of sickness an uncursed lock pick an uncursed mirror an uncursed +0 pick-axe Spells and supernatural/magical abilities: Name Level Category Fail Memory m - magic missile 2 attack 100% 92% n - detect monsters 1 divination 44% 75% s - slow monster 2 enchantment 100% 92% O - create monster 2 clerical 100% 92% W - pray for help -- divine ? -- Your skills at the end: Miscellaneous Skills wands [Basic] Weapon Skills dagger [Expert] short sword [Basic] Spellcasting Skills healing spells [Basic] Final Attributes: You were piously aligned. You saw invisible. You had infravision. You were displaced. You were stealthy. You were held by an owlbear. You were protected from shape changers. You were fast. You are dead. Vanquished creatures: a large mimic a dwarf king an ettin zombie a leprechaun a lizard a gnome king a housecat a jaguar 2 water nymphs 2 rock piercers 2 ponies a yellow light 8 gnome lords 2 gnomish wizards a black naga hatchling 6 giant ants 2 little dogs a kitten 7 dwarves a kobold shaman 4 iguanas a hill orc 7 rothes a centipede a monkey a wererat 2 werejackals 7 killer bees 2 gas spores 5 hobbits an acid blob a large kobold 8 geckos a giant rat 8 cave spiders a brown mold a yellow mold a red mold 29 gnomes 3 garter snakes a gnome zombie 9 jackals 7 newts 8 grid bugs 3 bats a lichen 2 kobold zombies 159 creatures vanquished. Voluntary challenges: You were vegetarian. You had followed a strict vegan diet until turn 3928. You had been an atheist until turn 3355. You used a wielded weapon 150 times, starting on turn 2. You did not apply a unicorn horn. You read items or engraved 22 times, starting on turn 765. You never genocided any monsters. You never polymorphed an object. You never changed form. You used no wishes. You never split a pudding. You never wrote Elbereth's name. You never violated your personal moral code. Dungeon overview: The Dungeons of Doom: levels 1 to 8 Level 1 an altar to Mog, a fountain a long staircase Level 2 a fountain Level 3 an armor shop stairs to The Gnomish Mines Level 4 Level 5 a scroll shop, a fountain Level 6 some fountains Level 7 an altar to Kos, a fountain Level 8 <- You were here The Gnomish Mines: levels 4 to 7 Level 4 stairs to The Dungeons of Doom Level 5 Level 6 Level 7 many shops, a temple to Issek, a magic chest, some fountains History has recorded: On T:1 you entered the Dungeons of Doom to retrieve the Amulet of Yendor! On T:473 you reached level 2 of The Dungeons of Doom. On T:762 you reached level 3 of The Dungeons of Doom. On T:960 you advanced to experience level 2. On T:1359 you reached level 1 of The Gnomish Mines. On T:1369 you advanced to experience level 3. On T:1413 you advanced to experience level 4. On T:1531 you advanced to experience level 5. On T:1709 you reached level 2 of The Gnomish Mines. On T:1843 you advanced to experience level 6. On T:2683 you reached level 3 of The Gnomish Mines. On T:3334 you reached level 4 of The Gnomish Mines. On T:3573 you entered the Minetown temple On T:3608 you opened a magic chest. On T:3627 you opened a magic chest. On T:3647 you opened a magic chest. On T:3727 you advanced to experience level 7. On T:4352 you reached level 4 of The Dungeons of Doom. On T:4583 you reached level 5 of The Dungeons of Doom. On T:5476 you reached level 6 of The Dungeons of Doom. On T:5803 you reached level 7 of The Dungeons of Doom. On T:6256 you reached level 8 of The Dungeons of Doom. Score breakdown: Gold: 1429 ( 142 points) Experience: 7 levels ( 600 points) Exploration: 8 levels ( 210 points) Discoveries: 27 items ( 1350 points) Variety of kills: 47 monsters ( 2000 points) Major goal: reached Minetown ( 500 points) Survival: died (score multiplied by 3) Total score: 14406 Latest messages: You take off your amulet called ESP. This door is locked. You succeed in unlocking the door. The door opens. The door resists! The door opens. The door resists! (3x) The door opens. Nowhere else around here can be automatically explored. You displace your housecat. The owlbear claws you! (2x) The owlbear grabs you! You stab the owlbear. The owlbear claws you! (2x) You are being crushed. You throw 4 daggers. The 1st dagger hits the owlbear. The 2nd dagger hits the owlbear! The 3rd dagger hits the owlbear! The 4th dagger hits the owlbear! The owlbear claws you! (2x) You are being crushed. You die... Final status: Goodbye Celery the Rogue, killed by an owlbear... You died in The Dungeons of Doom on dungeon level 8 with 14406 points, and 1429 pieces of gold, after 6889 moves. You were level 7 with a maximum of 54 hit points when you died.